 Dungeon Crawl Stone Soup version 0.17-a0-2073-gde5cdba (webtiles) character file.

485 B1inky the Ruffian (level 7, -1/46 HPs)
             Began as an Octopode Fighter on Oct 15, 2015.
             Slain by a phantom (9 damage)
             ... on level 4 of the Dungeon.
             The game lasted 00:05:37 (3953 turns).

B1inky the Ruffian (Octopode Fighter)               Turns: 3953, Time: 00:05:37

Health: -1/46      AC:  1    Str: 18    XL:     7   Next: 13%
Magic:  7/7        EV:  8    Int: 10    God:
Gold:   186        SH:  0    Dex: 11    Spells: 0 memorised, 6 levels left

rFire  . . .     SeeInvis .       - Unarmed
rCold  . . .     Clarity  .     n - +0 large shield
rNeg   . . .     SustAt   .     (helmet restricted)
rPois  .         Gourm    .     (no amulet)
rElec  .         Spirit   .     m - ring of flight
rCorr  .         Warding  .     (no ring)
rMut   .         Stasis   .     (no ring)
MR     .....                    (no ring)
Stlth  ++........               (no ring)
                                (no ring)
                                (no ring)
                                (no ring)

@: confused, not resistant to hostile enchantments, unstealthy
A: almost no armour, amphibious, 8 rings, constrict 8, camouflage 1, gelatinous
body 1
a: Evoke Flight


You were on level 4 of the Dungeon.
You were not hungry.

You visited 1 branch of the dungeon, and saw 4 of its levels.

You collected 186 gold pieces.

Inventory:

Armour
 a - a +0 shield
 n - a +0 large shield (worn)
Jewellery
 m - a ring of flight (left tentacle)
Wands
 o - a wand of flame (21)
Scrolls
 d - 5 scrolls of remove curse
 e - 2 scrolls of magic mapping {unknown}
 f - a scroll of random uselessness {unknown}
 j - 2 scrolls of enchant armour {unknown}
 q - a scroll of fog {unknown}
 r - a scroll of amnesia {unknown}
Potions
 b - a potion of might
 g - a potion of curing {unknown}
 i - 2 potions of lignification
 k - 4 potions of haste
 l - a potion of ambrosia
Comestibles
 c - 3 bread rations
 s - 4 fruits
 t - 3 chunks of flesh
 u - a meat ration


   Skills:
 - Level 3.0 Fighting
 - Level 3.0 Dodging
 + Level 3.3 Shields
 - Level 7.3 Unarmed Combat


You had 6 spell levels left.
You didn't know any spells.

Dungeon Overview and Level Annotations

Branches:
Dungeon (4/15)
 Temple: D:4-7

Altars:
Ashenzari
Qazlal
Sif Muna
Vehumet


Innate Abilities, Weirdness & Mutations

You cannot wear most types of armour.
You are amphibious.
You can wear up to eight rings at the same time.
You can use your tentacles to constrict eight enemies at once.
Your skin changes colour to match your surroundings (Stealth).
Your rubbery body absorbs attacks (AC +1).


Message History

The phantom hits you.
You tentacle-slap the phantom.
The phantom is severely damaged.
You miss the phantom.
The phantom is severely damaged.
The phantom hits you!
* * * LOW HITPOINT WARNING * * *
The phantom blinks!
Found 15 gold pieces.
You bludgeon the phantom!
The phantom is almost destroyed.
The phantom hits you.
* * * LOW HITPOINT WARNING * * *
You closely miss the phantom.
The phantom is almost destroyed.
You block the phantom's attack.
Drink which item? (? for menu, Esc to quit)
You are confused.
You feel invigorated. The phantom hits you!
You die...

... . ##)## ##.# #.##.#
#.##...# #...# #.##.##
###.#.#.#. #.... ......
......... ...# #.#..#
.....#.#. #..# #.#..# #
##..#...# #..#
#.#..###.###..##.##
#..#####.W...........##.#
#........@..# #.........#
#..#######.## ######.####
#.....# .# #.#
####..##.### .# #.#
##.>......... $# ###.#
#...#..##.### ## #...#
#.#....##.# #.###
#...##.##.# #.#
##.###.##.# #.#


You could see a phantom.

Vanquished Creatures
  A hippogriff (D:4)
  An ogre (D:4)
  A centaur zombie (D:3)
  2 orc wizards (D:4)
  A worker ant (D:4)
  A hound skeleton (D:3)
  4 adders
  2 oozes
  A worm (D:3)
  7 orcs (D:4)
  8 bats
  4 giant cockroaches
  15 goblins
  6 hobgoblins
  10 jackals
  5 kobolds
  A quokka (D:3)
  2 ball pythons
  2 giant geckos
  A giant gecko zombie (D:3)
  7 giant newts
  A jackal skeleton (D:3)
  A quokka skeleton (D:3)
  6 rats
90 creatures vanquished.

Vanquished Creatures (others)
  An orc wizard (D:4)
1 creature vanquished.

Grand Total: 91 creatures vanquished

Notes
Turn   | Place    | Note
--------------------------------------------------------------
     0 | D:1      | B1inky the Octopode Fighter began the quest for the Orb.
     0 | D:1      | Reached XP level 1. HP: 16/16 MP: 1/1
   108 | D:1      | Reached XP level 2. HP: 9/21 MP: 2/2
   729 | D:1      | Reached XP level 3. HP: 23/26 MP: 3/3
  1322 | D:2      | Reached skill level 4 in Unarmed Combat
  1324 | D:2      | Reached XP level 4. HP: 26/31 MP: 4/4
  1635 | D:2      | Found a shattered altar of Ashenzari.
  1944 | D:3      | Found a stormy altar of Qazlal.
  2076 | D:3      | Reached skill level 5 in Unarmed Combat
  2076 | D:3      | Reached XP level 5. HP: 9/36 MP: 5/5
  2721 | D:3      | Found a radiant altar of Vehumet.
  3120 | D:4      | Noticed an ogre
  3444 | D:4      | Noticed a hippogriff
  3455 | D:4      | Killed a hippogriff
  3455 | D:4      | Reached skill level 6 in Unarmed Combat
  3455 | D:4      | Reached XP level 6. HP: 21/42 MP: 6/6
  3596 | D:4      | Killed an ogre
  3596 | D:4      | Reached skill level 7 in Unarmed Combat
  3596 | D:4      | Reached XP level 7. HP: 25/46 MP: 7/7
  3866 | D:4      | Found a deep blue altar of Sif Muna.
  3927 | D:4      | Noticed a phantom
  3953 | D:4      | Slain by a phantom

Vault maps used:
D:1:      sevenhm_arrival_forest_fort_large_2
D:2:      nicolae_overflow_crystal_walls, minmay_misc_feat_rows
D:3:      vehumet_altar_wand_db, serial_undead, serial_undead_b,
          serial_undead_a, serial_undead_a, serial_undead_b,
          grunt_qazlal_sundering
D:4:      grunt_temple_overflow_holy_war, lemuel_round_altar, led_sif_book

Action                   |  1- 3 |  4- 6 |  7- 9 || total
-------------------------+-------+-------+-------++-------
Melee: Unarmed           |    78 |   114 |    33 ||   225
  Use: Scroll            |       |     4 |       ||     4
       Potion            |       |     1 |     1 ||     2
 Stab: Sleeping          |     2 |     4 |       ||     6
  Eat: Chunk             |     1 |     3 |     1 ||     5
       Bread ration      |       |     1 |       ||     1
